[Event "58th Akiba Rubinstein D 2022"]
[Site "Polanica-Zdroj"]
[Date "2022.08.16"]
[Round "4.18"]
[White "Grzelak, Piotr"]
[Black "Wilgosz, Szczepan"]
[Result "0-1"]
[ECO "B90"]
[WhiteElo "1684"]
[BlackElo "1530"]
[Annotator "NA RC"]
[PlyCount "87"]
[EventDate "2022.08.13"]
[EventCountry "POL"]
[SourceTitle "playchess.com"]
[Source "ChessBase"]
[SourceQuality "1"]
[TimeControl "40/5400+30:1800+30"]

1. e4 c5 2. Nf3 d6 3. d4 cxd4 4. Nxd4 Nf6 5. Nc3 a6 6. f3 e5 7. Nb3 Be6 8. a4 d5 9. exd5 Nxd5 10. Nxd5 Qxd5 11. Be3 Bb4+ 12. Kf2 Nc6 13. Bd3 Rd8 14. Be4 Qc4 15. Qe2 Qxe2+ 16. Kxe2 Bxb3 17. Bxc6+ bxc6 18. cxb3 Ke7 19. Rac1 Rc8 20. Bc5+ Bxc5 21. Rxc5 f6 22. Rd1 Rhd8 23. Rxd8 Kxd8 24. Kd3 Kc7 25. Kc2 Kb6 26. Rc3 Rd8 27. b4 Rd4 28. Kb3 Rd2 29. Rc2 Rxc2 30. Kxc2 c5 31. Kc3 cxb4+ 32. Kxb4 f5 33. Kc4 Ka5 34. b3 e4 35. fxe4 fxe4 36. g4 e3 37. Kd3 e2 38. Kxe2 Kb4 39. h4 Kxb3 40. a5 Kb4 41. Kd3 Kxa5 42. Kc4 Kb6 43. Kd5 a5 44. Ke6 0-1

[Event "58th Akiba Rubinstein D 2022"]
[Site "Polanica-Zdroj"]
[Date "2022.08.16"]
[Round "4.19"]
[White "Klisowski, Bartosz"]
[Black "Karpiuk, Julian"]
[Result "1-0"]
[ECO "A06"]
[WhiteElo "1595"]
[BlackElo "1513"]
[Annotator "NA RC"]
[PlyCount "51"]
[EventDate "2022.08.13"]
[EventCountry "POL"]
[SourceTitle "playchess.com"]
[Source "ChessBase"]
[SourceQuality "1"]
[TimeControl "40/5400+30:1800+30"]

1. Nf3 d5 2. g3 Bf5 3. d3 Nf6 4. Bg2 c6 5. Nbd2 h6 6. b3 e6 7. O-O Bc5 8. Bb2 O-O 9. Ne5 Nbd7 10. Nxd7 Nxd7 11. e4 Bh7 12. Qe2 Qe7 13. Rae1 Rae8 14. Kh1 dxe4 15. dxe4 e5 16. Nc4 b5 17. Ne3 Bd4 18. c3 Bxe3 19. Qxe3 Qc5 20. Qxc5 Nxc5 21. Ba3 b4 22. Bxb4 Nd3 23. Bxf8 Nxe1 24. Rxe1 Kxf8 25. Rd1 Ke7 26. f3 1-0

[Event "58th Akiba Rubinstein D 2022"]
[Site "Polanica-Zdroj"]
[Date "2022.08.16"]
[Round "4.21"]
[White "Butkiewicz, Jan"]
[Black "Stachowiak, Bruno"]
[Result "1-0"]
[ECO "B06"]
[WhiteElo "1613"]
[BlackElo "1462"]
[Annotator "NA RC"]
[PlyCount "80"]
[EventDate "2022.08.13"]
[EventCountry "POL"]
[SourceTitle "playchess.com"]
[Source "ChessBase"]
[SourceQuality "1"]
[TimeControl "40/5400+30:1800+30"]

1. d4 d6 2. Nc3 g6 3. e4 Bg7 4. Be3 Nf6 5. f3 c6 6. Qd2 Nbd7 7. h4 h5 8. Nh3 b5 9. Ng5 a6 10. e5 dxe5 11. dxe5 Nxe5 12. Qxd8+ Kxd8 13. Bd4 Nfd7 14. f4 Ke8 15. fxe5 Bxe5 16. Bxe5 Nxe5 17. Be2 f6 18. Nge4 Bg4 19. Bxg4 Nxg4 20. Ke2 Kf7 21. Rad1 Rhd8 22. Nc5 a5 23. Rxd8 Rxd8 24. Rd1 Rxd1 25. Nxd1 a4 26. b3 axb3 27. cxb3 Ke8 28. a4 bxa4 29. bxa4 Kd8 30. Nf2 Nh6 31. a5 Kc8 32. a6 Kb8 33. Nfd3 Nf5 34. Nf4 Nxh4 35. Nfe6 Nf5 36. Kd3 Nd6 37. Nd8 Nb5 38. Nxc6+ Kc7 39. Nd8 Kb8 40. Nc6+ Kc7 1-0

[Event "58th Akiba Rubinstein D 2022"]
[Site "Polanica-Zdroj"]
[Date "2022.08.16"]
[Round "4.22"]
[White "Witkowski, Jedrzej"]
[Black "Pieczulis, Blazej"]
[Result "0-1"]
[ECO "C00"]
[WhiteElo "1152"]
[BlackElo "1720"]
[Annotator "NA RC"]
[PlyCount "37"]
[EventDate "2022.08.13"]
[EventCountry "POL"]
[SourceTitle "playchess.com"]
[Source "ChessBase"]
[SourceQuality "1"]
[TimeControl "40/5400+30:1800+30"]

1. e4 e6 2. d4 d5 3. Bd3 c5 4. exd5 exd5 5. Nf3 c4 6. Be2 Nc6 7. b3 cxb3 8. axb3 Nf6 9. O-O Bd6 10. Bg5 Be6 11. Nbd2 O-O 12. c3 Qd7 13. Bd3 Ne8 14. Re1 f5 15. Qe2 Nc7 16. Nh4 h6 17. Ng6 hxg5 18. Nxf8 Rxf8 19. b4 0-1

[Event "58th Akiba Rubinstein D 2022"]
[Site "Polanica-Zdroj"]
[Date "2022.08.16"]
[Round "4.24"]
[White "Ugorek, Kacper"]
[Black "Klama, Andrzej"]
[Result "1-0"]
[ECO "A40"]
[WhiteElo "1747"]
[BlackElo "1441"]
[Annotator "NA RC"]
[PlyCount "47"]
[EventDate "2022.08.13"]
[EventCountry "POL"]
[SourceTitle "playchess.com"]
[Source "ChessBase"]
[SourceQuality "1"]
[TimeControl "40/5400+30:1800+30"]

1. d4 e6 2. c4 b6 3. Nf3 Bb7 4. e3 Nf6 5. g3 h6 6. Bg2 Bb4+ 7. Nbd2 O-O 8. O-O Bxd2 9. Qxd2 d6 10. b3 Nbd7 11. a4 a5 12. Ba3 c5 13. Rad1 Qc7 14. dxc5 dxc5 15. Qd6 Qxd6 16. Rxd6 Rac8 17. Rfd1 Rc7 18. Bb2 Bxf3 19. Bxf3 e5 20. Bc6 Nb8 21. Bg2 Nfd7 22. Bh3 Nf6 23. Bg2 Nfd7 24. Bh3 1-0

[Event "58th Akiba Rubinstein D 2022"]
[Site "Polanica-Zdroj"]
[Date "2022.08.16"]
[Round "4.25"]
[White "Durzynski, Jan"]
[Black "Ursnik, Patryk"]
[Result "1/2-1/2"]
[ECO "B34"]
[WhiteElo "1406"]
[BlackElo "1671"]
[Annotator "NA RC"]
[PlyCount "58"]
[EventDate "2022.08.13"]
[EventCountry "POL"]
[SourceTitle "playchess.com"]
[Source "ChessBase"]
[SourceQuality "1"]
[TimeControl "40/5400+30:1800+30"]

1. e4 c5 2. Nf3 Nc6 3. d4 cxd4 4. Nxd4 Nf6 5. Nc3 e5 6. Nf3 Bb4 7. Bd3 d5 8. exd5 Nxd5 9. Bd2 Nxc3 10. bxc3 Be7 11. O-O O-O 12. Re1 Bf6 13. h3 Re8 14. Rb1 Qc7 15. Bg5 Bxg5 16. Nxg5 h6 17. Nf3 Be6 18. Rb5 a6 19. Rb2 f5 20. Nd2 Rad8 21. Qe2 e4 22. Nxe4 fxe4 23. Qxe4 Bf5 24. Qxe8+ Rxe8 25. Rxe8+ Kf7 26. Re3 Be6 27. a4 Ne5 28. Rb4 Nxd3 29. cxd3 Bd5 1/2-1/2

[Event "58th Akiba Rubinstein D 2022"]
[Site "Polanica-Zdroj"]
[Date "2022.08.16"]
[Round "4.26"]
[White "Perucki, Maciej"]
[Black "Milczarek, Robert"]
[Result "0-1"]
[ECO "B36"]
[WhiteElo "1449"]
[BlackElo "1653"]
[Annotator "NA RC"]
[PlyCount "152"]
[EventDate "2022.08.13"]
[EventCountry "POL"]
[SourceTitle "playchess.com"]
[Source "ChessBase"]
[SourceQuality "1"]
[TimeControl "40/5400+30:1800+30"]

1. e4 c5 2. Nf3 g6 3. d4 cxd4 4. Nxd4 Nc6 5. c4 Nf6 6. Nc3 d6 7. Be2 Nxd4 8. Qxd4 Bg7 9. Be3 O-O 10. Qd2 a5 11. O-O a4 12. Rfd1 Qa5 13. Rac1 Be6 14. f3 Rfc8 15. Nd5 Qxd2 16. Bxd2 Nxd5 17. cxd5 Bd4+ 18. Kf1 Bd7 19. Bc3 Be3 20. Bd2 Bd4 21. Bc3 Be3 22. Bd2 Bc5 23. Rc2 f5 24. Rdc1 fxe4 25. fxe4 Rf8+ 26. Bf3 Bb5+ 27. Ke1 Bd3 28. Rc3 Bb5 29. a3 Kg7 30. Rxc5 dxc5 31. Rxc5 Ba6 32. Rc7 Rf7 33. Bc3+ Kf8 34. Bb4 Ke8 35. Bg4 e5 36. d6 Rxc7 37. dxc7 b6 38. Bd6 Bc8 39. Bxc8 Rxc8 40. Bxe5 Kd7 41. Bg3 Re8 42. Kf2 Rxe4 43. Kf3 Rc4 44. Be5 Ke6 45. Bg3 b5 46. h3 g5 47. Bh2 h5 48. Ke3 Kd7 49. Kf3 Rc5 50. Bg3 Rf5+ 51. Ke2 Rc5 52. Kf3 Rc2 53. Be5 Rc5 54. Bg3 Ke6 55. Ke3 Kd5 56. Kd3 Rc6 57. Bh2 h4 58. g4 hxg3 59. Bxg3 Rc4 60. Ke3 Ke6 61. Kf3 Kd7 62. Ke3 b4 63. Kd3 bxa3 64. bxa3 Rc6 65. h4 gxh4 66. Bxh4 Kxc7 67. Be1 Kd6 68. Bb4+ Kd5 69. Kd2 Kc4 70. Kc2 Rg6 71. Kb2 Rg2+ 72. Kc1 Kb3 73. Kd1 Rc2 74. Ba5 Rc4 75. Bb4 Rxb4 76. axb4 Kb2 0-1

[Event "58th Akiba Rubinstein D 2022"]
[Site "Polanica-Zdroj"]
[Date "2022.08.16"]
[Round "4.27"]
[White "Markiewicz, Jacek"]
[Black "Jankowski, Franciszek"]
[Result "1/2-1/2"]
[ECO "B13"]
[WhiteElo "1610"]
[BlackElo "1483"]
[Annotator "NA RC"]
[PlyCount "37"]
[EventDate "2022.08.13"]
[EventCountry "POL"]
[SourceTitle "playchess.com"]
[Source "ChessBase"]
[SourceQuality "1"]
[TimeControl "40/5400+30:1800+30"]

1. e4 c6 2. c4 d5 3. exd5 cxd5 4. d4 Nf6 5. Nc3 Nc6 6. Nf3 Bg4 7. Be3 e6 8. Be2 Be7 9. O-O O-O 10. h3 Bh5 11. Ne5 Bxe2 12. Qxe2 Rc8 13. Rfd1 dxc4 14. Nxc4 Nb4 15. Rac1 Nbd5 16. Ne5 Qa5 17. Bd2 Qd8 18. Be3 Qa5 19. Bd2 1/2-1/2

[Event "58th Akiba Rubinstein D 2022"]
[Site "Polanica-Zdroj"]
[Date "2022.08.16"]
[Round "4.28"]
[White "Szalbierz, Piotr"]
[Black "Blasiak, Miroslaw"]
[Result "1/2-1/2"]
[ECO "D00"]
[WhiteElo "1407"]
[BlackElo "1608"]
[Annotator "NA RC"]
[PlyCount "29"]
[EventDate "2022.08.13"]
[EventCountry "POL"]
[SourceTitle "playchess.com"]
[Source "ChessBase"]
[SourceQuality "1"]
[TimeControl "40/5400+30:1800+30"]

1. d4 d5 2. Nc3 Nf6 3. Bf4 c5 4. e3 a6 5. dxc5 Nc6 6. Nf3 Bg4 7. h3 Bxf3 8. Qxf3 e6 9. Be2 Bxc5 10. O-O O-O 11. e4 Nd4 12. Qd3 Nc6 13. Qf3 Nd4 14. Qd3 dxe4 15. Nxe4 1/2-1/2

[Event "58th Akiba Rubinstein D 2022"]
[Site "Polanica-Zdroj"]
[Date "2022.08.16"]
[Round "4.29"]
[White "Rosa, Antoni"]
[Black "Kuska, Bartosz"]
[Result "1/2-1/2"]
[ECO "A13"]
[WhiteElo "1598"]
[BlackElo "1432"]
[Annotator "NA RC"]
[PlyCount "48"]
[EventDate "2022.08.13"]
[EventCountry "POL"]
[SourceTitle "playchess.com"]
[Source "ChessBase"]
[SourceQuality "1"]
[TimeControl "40/5400+30:1800+30"]

1. c4 e6 2. Nc3 f5 3. d3 Nf6 4. e4 d6 5. g3 Be7 6. Bg2 Nc6 7. Nge2 O-O 8. O-O fxe4 9. Nxe4 Nxe4 10. Bxe4 e5 11. Nc3 Bf5 12. Be3 Bxe4 13. Nxe4 Bf6 14. Qh5 Qe8 15. Qd1 Qd7 16. Kg2 Ne7 17. b4 b6 18. Qd2 Nf5 19. Rae1 c5 20. f4 Nxe3+ 21. Rxe3 exf4 22. Rxf4 Bd4 23. Ref3 Rxf4 24. Qxf4 Be5 1/2-1/2

[Event "58th Akiba Rubinstein D 2022"]
[Site "Polanica-Zdroj"]
[Date "2022.08.16"]
[Round "4.30"]
[White "Perek, Oskar"]
[Black "Pietryk, Joanna"]
[Result "1/2-1/2"]
[ECO "B20"]
[WhiteElo "1555"]
[BlackElo "1417"]
[Annotator "NA RC"]
[PlyCount "65"]
[EventDate "2022.08.13"]
[EventCountry "POL"]
[SourceTitle "playchess.com"]
[Source "ChessBase"]
[SourceQuality "1"]
[TimeControl "40/5400+30:1800+30"]

1. e4 c5 2. Qe2 Nc6 3. Nf3 d6 4. d3 Nf6 5. g3 g6 6. Bg2 Bg7 7. O-O Qb6 8. c3 O-O 9. Nbd2 e5 10. Nc4 Qc7 11. Ne3 Be6 12. Ne1 Ne7 13. f4 exf4 14. gxf4 Qd7 15. Nf3 Bh6 16. Ng5 Nh5 17. Nc2 Bxg5 18. fxg5 d5 19. Bf3 dxe4 20. dxe4 Ng7 21. Be3 Qc7 22. Bg2 Rad8 23. Rad1 b6 24. Bf4 Qc8 25. Ne3 Nc6 26. Nd5 Nh5 27. Nf6+ Nxf6 28. gxf6 Rxd1 29. Rxd1 Rd8 30. Bd6 Bg4 31. Bf3 Bxf3 32. Qxf3 h5 33. Rd5 1/2-1/2

[Event "58th Akiba Rubinstein D 2022"]
[Site "Polanica-Zdroj"]
[Date "2022.08.17"]
[Round "5.1"]
[White "Lewandrowski, Tomasz"]
[Black "Jasiulewicz, Dawid"]
[Result "1-0"]
[ECO "D00"]
[WhiteElo "1902"]
[BlackElo "1525"]
[Annotator "TA"]
[PlyCount "79"]
[EventDate "2022.08.13"]
[EventCountry "POL"]
[SourceTitle "playchess.com"]
[Source "ChessBase"]
[SourceQuality "1"]
[TimeControl "40/5400+30:1800+30"]

1. d4 d5 2. Nc3 Nf6 3. Bf4 a6 4. e3 e6 5. Bd3 c5 6. dxc5 {[%emt 0:00:24] D00: 1 d4 d5: Unusual lines.} Bxc5 7. Nf3 O-O 8. O-O {[%emt 0:04:41] The position is equal.} Nc6 9. e4 d4 10. Ne2 {[%emt 0:01:07] [#]} Nd7 $146 ({Predecessor:} 10... Qe7 11. e5 Nd5 12. Bg3 f6 13. exf6 Nxf6 14. c3 e5 15. cxd4 exd4 16. Re1 Qd8 {0-1 (29) Salimova,N (2353)-Zatonskih,A (2403) Warsaw 2021}) 11. c3 dxc3 12. bxc3 (12. Nxc3 $11 f6 13. Na4) 12... e5 $15 13. Bg3 Qc7 14. Bc4 Nf6 15. Qc2 Be6 ({Black should play} 15... Bg4 $15) 16. Bxe6 $14 fxe6 {[%emt 0:00:02] [#]} 17. Ned4 $1 Rfe8 (17... Qc8 18. Nxc6) 18. Nxc6 Qxc6 19. Rfe1 Bb4 20. Rac1 ({Of course not} 20. Nxe5 $6 Qxc3 21. Qe2 Rac8 $11) 20... Rac8 21. Bxe5 Ng4 22. Qb3 Ba5 23. Bd4 $1 b5 24. h3 Nf6 25. Ne5 Qd6 26. a3 Bb6 (26... Nd7 $14 27. Nd3 Rc4) 27. Rcd1 $36 {[%emt 0:02:55][%mdl 2048] White has strong initiative.} Bc5 28. Nf3 {[%emt 0:03:25] Strongly threatening Bxf6. White is more active.} Qc6 29. Bxf6 gxf6 30. e5 Bf8 $2 {[%emt 0:04:09][%mdl 8192] Loses the game.} (30... f5 $16 {was worth a try.}) 31. exf6 $18 Qxc3 32. Qxc3 Rxc3 33. Rd7 {[%emt 0:00:17] f7+ would kill now.} Rb8 (33... Rec8 $142 34. Rxe6 R8c7) 34. Re4 {[%emt 0:03:13] White wants to mate with Rg4+.} Rc4 35. Rxe6 {[%emt 0:01:29][%cal Oe6e8] Threatens to win with Re8!} a5 {[%emt 0:00:52] [#]} (35... Rbc8 $142 36. Ne5 Rc1+ 37. Kh2 R1c7) 36. Ng5 (36. Re8 $142 $3 Rc1+ 37. Kh2 (37. Ne1 Rbc8 $18)) 36... h6 {[%emt 0:02:13] [#]} 37. Nf7 $2 (37. Re8 $3 {[%mdl 512] mates} Rc1+ 38. Kh2 Rh1+ 39. Kxh1 Rxe8 40. f7+ Kh8 41. fxe8=Q Kg8 42. Qg6+ Kh8 43. Qh7#) 37... b4 $2 (37... Rbc8 38. Ne5 R4c7) 38. axb4 axb4 {[#]} (38... Rcxb4 $142 39. Nd8 R4b6) 39. Ne5 (39. Nxh6+ $142 $1 Kh8 (39... Bxh6 40. f7+) 40. Nf7+ Kg8 41. Ng5 Rc1+ 42. Kh2) 39... Re4 {[%emt 0:01:04] [#]} 40. Re8 $3 {[%emt 0:01:27][%mdl 512] Weighted Error Value: White=0.34/Black=0.89} 1-0

[Event "58th Akiba Rubinstein D 2022"]
[Site "Polanica-Zdroj"]
[Date "2022.08.17"]
[Round "5.2"]
[White "Liskiewicz, Jakub"]
[Black "Kraczek, Cezary"]
[Result "1/2-1/2"]
[ECO "A65"]
[WhiteElo "1910"]
[BlackElo "1657"]
[Annotator "TA"]
[PlyCount "118"]
[EventDate "2022.08.13"]
[EventCountry "POL"]
[SourceTitle "playchess.com"]
[Source "ChessBase"]
[SourceQuality "1"]
[TimeControl "40/5400+30:1800+30"]

1. d4 Nf6 2. c4 c5 3. d5 e6 4. Nc3 exd5 5. cxd5 d6 6. e4 g6 7. Bd3 Bg7 8. Nge2 a6 9. a4 O-O 10. O-O Nbd7 {[%emt 0:03:02] A65: Modern Benoni: 6 e4.} 11. b3 Re8 12. f3 Ne5 13. Bc2 Rb8 14. a5 {[%emt 0:01:12] [#]} b5 $146 ({Predecessor:} 14... Qc7 15. f4 Ned7 16. Ra2 b5 17. axb6 Nxb6 18. Kh1 Nbd7 {1-0 (44) Nene,T-Lythgoe,S Gauteng 2011}) 15. axb6 $1 Qxb6 16. Be3 Bd7 17. h3 Bb5 18. Nxb5 (18. Qd2 $14) 18... axb5 $11 19. Qd2 Ra8 20. Rxa8 Rxa8 21. f4 Ned7 22. b4 Re8 {[%emt 0:04:13] Inhibits e5.} 23. Ng3 Qc7 24. bxc5 Nxc5 25. e5 (25. Rc1 $11) 25... Nfd7 $2 (25... dxe5 $15 {keeps the upper hand.} 26. fxe5 Qxe5 27. Bxc5 Qxg3) 26. e6 $1 $36 {[%emt 0:00:46][%mdl 2048] White has strong initiative. White is more active.} fxe6 27. dxe6 Nb6 28. f5 Nc4 29. Qc1 Nxe3 30. Qxe3 {[%emt 0:00:08] And now f6 would win.} gxf5 (30... Qe7 $16 {is tougher.}) 31. Nxf5 $18 {[%emt 0:01:51] Hoping for e7.} Nxe6 32. Qe4 Bf8 {[%emt 0:04:03][%cal Od6d5] Inhibits Ne7+.} 33. Bb3 (33. Nd4 $142 Qa7 34. Kh1 $1) 33... d5 34. Bxd5 {[%emt 0:00:26][%cal Bb3d5,Bd5c6,Bc6d7,Bd7e6][%mdl 32] Black must now prevent Nd4. Dancing on a razor blade.} Qb6+ (34... Kh8) 35. Kh1 $1 {[%emt 0:03:31] White threatens Qe5 and mate.} ({Weaker is} 35. Nd4 Bc5 $11) 35... Kh8 36. Bc6 ({Less strong is} 36. Qe5+ Ng7 37. Qa1 Qg6 $16) 36... Rc8 37. Bd7 Rd8 38. Bxe6 Qc7 39. Qg4 Bg7 40. Qg5 (40. Nxg7 $142 Qxg7 41. Qh5 Qd4 42. Qxb5 h6 43. Qh5 Qe3 44. Qa5 Qd4 45. Rf4 $3 Qd1+ 46. Kh2) 40... Rf8 41. Rf3 Bf6 (41... Qe5 $142 42. Qe3 Qa1+ 43. Qg1 Qxg1+ 44. Kxg1 h6) 42. Qh6 Qd8 {[%emt 0:00:19] [#]} 43. Rd3 $3 Qa8 44. Rd1 (44. Kh2 $142 Be5+ 45. g3 Rd8 {[#]} 46. Ne7 $1 Rg8 47. Bxg8 Qe4 48. Bd5 $1 Bg7 49. Qd6 $1) 44... b4 45. Nh4 Bxh4 46. Qxh4 Qa7 47. Qxb4 Qg7 48. Qd4 $2 (48. Rc1 $18 {[%cal Ob4f8] and the rest is easy. Qxf8+! would kill now.} Qf6 49. Re1) 48... Rf1+ $16 49. Kh2 {[%emt 0:00:19] Threatening mate with Qxg7+.} Rxd1 50. Qxd1 {[%emt 0:01:38] Intending Qd8+ and mate.} Qe5+ 51. g3 (51. Kg1 $16 Qxe6 52. Qd4+ Kg8 53. Kf2) 51... Qxe6 $14 {[%emt 0:00:04][%mdl 4096] Endgame KQ-KQ} 52. Qd4+ Kg8 53. h4 Qe2+ {[%emt 0:00:58] The position is equal.} 54. Kh3 h5 {[%emt 0:01:01] Prevents Qg4+.} 55. Qd5+ Kg7 56. Qg5+ Kh7 57. Qf5+ Kg7 58. Qd7+ Kh6 59. Qf7 $2 (59. Qc6+ $11 Kg7 60. Qd7+ Kf6 61. Qd8+ Kg6 62. Qg8+ Kh6 63. Qf8+ Kg6 64. Qh8) 59... Qh2+ {[%emt 0:00:43][%mdl 32768] Weighted Error Value: White=0.30/Black=0.80. An unexpected result.} 1/2-1/2

[Event "58th Akiba Rubinstein D 2022"]
[Site "Polanica-Zdroj"]
[Date "2022.08.17"]
[Round "5.3"]
[White "Kryzia, Wiktor"]
[Black "Gibala, Adam"]
[Result "0-1"]
[ECO "C02"]
[WhiteElo "1764"]
[BlackElo "1549"]
[Annotator "NA RC"]
[PlyCount "58"]
[EventDate "2022.08.13"]
[EventCountry "POL"]
[SourceTitle "playchess.com"]
[Source "ChessBase"]
[SourceQuality "1"]
[TimeControl "40/5400+30:1800+30"]

1. e4 e6 2. d4 d5 3. e5 c5 4. c3 Nc6 5. Nf3 Bd7 6. Bd3 cxd4 7. cxd4 Qb6 8. Bc2 Nge7 9. Nc3 Nb4 10. a3 Nxc2+ 11. Qxc2 Nf5 12. Be3 a5 13. O-O h5 14. b3 Be7 15. Qd2 Rc8 16. Rfb1 O-O 17. Qd3 Rc7 18. Bd2 f6 19. g3 fxe5 20. dxe5 Bc5 21. Be1 Nd4 22. Nxd4 Bxd4 23. Ra2 Bc6 24. Na4 Qa7 25. Qg6 Rcf7 26. Qxe6 Kh7 27. Qh3 Bxf2+ 28. Bxf2 Rxf2 29. Qxh5+ Kg8 0-1

[Event "58th Akiba Rubinstein D 2022"]
[Site "Polanica-Zdroj"]
[Date "2022.08.17"]
[Round "5.4"]
[White "Straszewski, Tomasz"]
[Black "Galuszka, Kamil"]
[Result "1/2-1/2"]
[ECO "E01"]
[WhiteElo "1716"]
[BlackElo "1976"]
[Annotator "TA"]
[PlyCount "96"]
[EventDate "2022.08.13"]
[EventCountry "POL"]
[SourceTitle "playchess.com"]
[Source "ChessBase"]
[SourceQuality "1"]
[TimeControl "40/5400+30:1800+30"]

1. d4 e6 2. c4 Nf6 3. g3 d5 4. Bg2 c6 5. Nc3 Bb4 6. Qd3 {[%emt 0:00:17] E01: Catalan: Early deviations.} O-O 7. Nf3 {[%emt 0:01:01] [#]} b5 $146 ({Predecessor:} 7... b6 8. O-O dxc4 9. Qxc4 Ba6 10. Qxb4 Nd5 11. Nxd5 cxd5 12. Re1 Nc6 13. Qa3 Bb7 14. Bd2 {1-0 (29) Ibrahimli,M (2436)-Stark,L (2381) Chess.com INT 2021}) 8. cxb5 {[%emt 0:03:20] White is slightly better.} cxb5 9. O-O a5 10. Nxb5 Ba6 11. a4 Qb6 (11... Nc6 $11) 12. Ne5 $14 Nc6 13. Bg5 {[%emt 0:05:24] White is more active.} (13. Nxc6 $14 Qxc6 14. Bg5) 13... Nxe5 $15 14. dxe5 Nd7 15. Be3 Bc5 16. Bf4 Rab8 17. e4 d4 18. Rfc1 (18. Rfb1 $11 {should be considered.}) 18... Bxb5 19. axb5 Qxb5 20. Qxb5 Rxb5 21. Rc2 Bb6 22. Rb1 Rd8 23. Rd1 Rc5 24. Rcd2 Rc4 ({Black should play} 24... Nxe5 $17 {...Nc4 is the strong threat.} 25. Rxd4 Rxd4 26. Rxd4 Ng4) 25. Bf1 $11 Rb4 26. Rc2 {[%emt 0:01:55] Prevents Rc8. The position is equal.} Nc5 27. Bd2 d3 $1 28. Rxc5 Bxc5 29. Bxb4 axb4 30. Rxd3 Rd4 31. Rxd4 Bxd4 {[%emt 0:00:01][%mdl 4096] Endgame KB-KB} 32. b3 Bxe5 33. f4 Bd4+ 34. Kg2 g6 35. Kf3 Kg7 36. Bc4 e5 37. h3 f6 38. f5 Bc3 39. g4 Kh6 40. Bg8 Be1 41. Ke2 Bg3 42. Kd3 Kg7 43. Be6 h5 44. fxg6 Kxg6 45. gxh5+ Kxh5 46. Bg4+ Kg5 47. Bc8 Kf4 48. Bf5 Bh4 {[%emt 0:00:10] Weighted Error Value: White=0.10 (very precise) /Black=0.11 (very precise)} 1/2-1/2

[Event "58th Akiba Rubinstein D 2022"]
[Site "Polanica-Zdroj"]
[Date "2022.08.17"]
[Round "5.5"]
[White "Meizlin, Yaacov"]
[Black "Klisowski, Bartosz"]
[Result "1-0"]
[ECO "B32"]
[WhiteElo "1938"]
[BlackElo "1595"]
[Annotator "TA"]
[PlyCount "131"]
[EventDate "2022.08.13"]
[EventCountry "POL"]
[SourceTitle "playchess.com"]
[Source "ChessBase"]
[SourceQuality "1"]
[TimeControl "40/5400+30:1800+30"]

1. e4 c5 2. Nf3 Nc6 3. d4 cxd4 4. c3 d3 5. c4 g6 6. Bxd3 Bg7 7. O-O {[%emt 0:00:25] B21: Sicilian: 2 f4 and Morra Gambit.} d6 8. h3 Nf6 9. Nc3 {[%emt 0:00:16] White is slightly better.} Nd7 10. Be3 Bxc3 11. bxc3 Nc5 12. Bc2 {[%emt 0:00:51][%cal Oe4e5] [#]} Be6 $146 ({Predecessor:} 12... Qa5 13. e5 dxe5 14. Rb1 Ne6 15. Bh6 f6 16. Qd2 Qc7 17. Rfd1 Bd7 18. Be4 Nc5 {0-1 (29) Franklin,T-Correa,M ICCF email 2018}) 13. Qe2 Qa5 14. Bd4 Rg8 (14... f6 $11) 15. Ng5 h6 16. Bxc5 (16. Nf3 $11 {remains equal.}) 16... hxg5 $17 17. Bd4 Ne5 (17... f6 $15) 18. Bb3 $11 g4 (18... Qa6 $5 ) 19. c5 gxh3 20. g3 (20. Bxe6 $1 $14 fxe6 21. Rfb1) 20... Bd7 (20... Qa6 $15 21. Qxa6 Nf3+ 22. Kh1 bxa6) 21. cxd6 $14 exd6 22. f4 Bg4 (22... Ng4 $1 $14) 23. Qe3 $16 {[%emt 0:01:58][%mdl 1024] White has strong compensation.} (23. Bxf7+ $2 Kf8 24. Qb2 Nxf7 $19) 23... h2+ 24. Kh1 Nc6 25. e5 $2 (25. Kxh2 $2 Nxd4 26. cxd4 Rh8+ 27. Kg2 Bh3+ 28. Kf2 Bxf1 29. Rxf1 Rh2+ 30. Kg1 Qh5 $19) (25. Bf6 $16) 25... d5 (25... O-O-O $15 {feels stronger.}) 26. Rf2 Bf5 27. Bc2 {[%emt 0:00:40] Inhibits Be4+.} (27. Kxh2 $2 Rh8+ 28. Kg1 Be4 $19) 27... Ne7 28. Rb1 b6 (28... O-O-O $11) 29. Qf3 ({Reject} 29. Kxh2 Be6 $11) (29. e6 $1 $14 Bxe6 30. Bf6 (30. Rxh2 O-O-O $11)) 29... Bxc2 30. Rxc2 Qa4 31. Rxh2 O-O-O 32. Rb4 Qa3 33. Qf2 Nc6 34. Rb3 Qc1+ 35. Qg1 Qxg1+ 36. Kxg1 Rh8 (36... Kd7 $11) 37. Rxh8 Rxh8 $14 {[%emt 0:00:01][%mdl 4096] Endgame KRB-KRN} 38. Rb5 Rd8 39. Kf2 Nxd4 (39... Kc7 $14) 40. cxd4 {[%emt 0:00:01] aiming for Kf3. KR-KR} Kb7 41. g4 (41. Rb1 $16) 41... a6 42. Rb2 {[%emt 0:00:48] Black must now prevent Kg3.} Rc8 $2 {[%emt 0:00:07] [#]} (42... Rh8 $14 43. Kg3 Kc7) 43. f5 $2 (43. Kg3 $1 $18) 43... g5 $1 44. Re2 Re8 $2 {[%emt 0:01:41] Black is now going downhill.} (44... a5 $1 $14) 45. Ke3 $2 ({Better is} 45. Re1 $18) 45... Kc6 $2 (45... Rh8 $14) 46. Rc2+ Kd7 47. Rh2 {[%emt 0:00:31] Prevents Rh8.} f6 $2 (47... Rc8 48. Rh7 Ke8) 48. e6+ ({Less strong is} 48. Rh6 fxe5 49. Rxb6 a5 $18) 48... Kd6 49. Rh6 Rf8 50. Rh7 a5 51. Rd7+ Kc6 52. Rf7 Rh8 53. Rxf6 Rh3+ 54. Kf2 Rh2+ 55. Ke3 $2 ({White should try} 55. Kf3 $18 Kd6 56. Rf8) 55... Rxa2 $2 (55... Rh3+ $11 56. Kf2 Kd6) 56. Rg6 (56. e7+ $142 Kd7 57. Re6 Ra3+ 58. Kd2 Ra2+ 59. Ke3 Ra3+ 60. Ke2 Ra2+ 61. Ke3) 56... a4 57. Rxg5 (57. f6 $142 Ra3+ 58. Kd2) 57... Kd6 58. Rg7 Ra1 59. Kd2 {[%emt 0:01:07] [#] Threatening mate with Rd7+.} Rb1 60. Rd7+ Kc6 61. Ra7 Rb2+ 62. Ke3 Rb3+ 63. Kf4 Rb4 64. Ke5 (64. f6 $142 Rxd4+ 65. Kf5 Rd1 66. e7 Rf1+ 67. Kg6 Kb5 68. e8=Q+ Kb4 69. Qe7+ Kc3 70. Qe3+ Kb4 71. Qd4+ Kb3 72. Rxa4) 64... b5 65. e7 Rb1 66. e8=Q+ {[%emt 0:00:03] Weighted Error Value: White=0.47/Black=0.66} 1-0

[Event "58th Akiba Rubinstein D 2022"]
[Site "Polanica-Zdroj"]
[Date "2022.08.17"]
[Round "5.6"]
[White "Zerebiec, Maurycy"]
[Black "Bem, Tymoteusz"]
[Result "1/2-1/2"]
[ECO "B20"]
[WhiteElo "1915"]
[BlackElo "1679"]
[Annotator "RC"]
[PlyCount "54"]
[EventDate "2022.08.13"]
[EventCountry "POL"]
[SourceTitle "playchess.com"]
[Source "ChessBase"]
[SourceQuality "1"]
[TimeControl "40/5400+30:1800+30"]

1. e4 c5 2. c4 Nc6 3. Nc3 g6 4. g3 Bg7 5. Bg2 d6 6. Nge2 h5 7. h3 Nf6 8. d3 Bd7 9. Be3 a6 10. Qd2 Qa5 11. Nd5 Qxd2+ 12. Kxd2 Rb8 13. Nb6 Kd8 14. Rab1 e6 15. a3 Kc7 16. Nxd7 Nxd7 17. b4 b5 18. cxb5 Rxb5 19. bxc5 Nxc5 20. Rxb5 axb5 21. Rb1 Ra8 22. d4 Na4 23. Rxb5 e5 24. d5 Nd4 25. Rb4 Nc5 26. Nc3 Ncb3+ 27. Kd1 Rxa3 1/2-1/2